 Dungeon Sprint DCSS version 0.30.1-4-g462c640d31 (webtiles) character file.

Game seed: 4181874853576632870

9273 Heoruswealwe the Ninja (level 11, -10/60 HPs)
             Began as a Spriggan Artificer on Aug 31, 2023.
             Was an Initiate of Gozag.
             Mangled by a demonic crawler (12 damage)
             ... in the Dungeon (Sprint I: "Red Sonja").
             The game lasted 00:18:57 (1210 turns).

Heoruswealwe the Ninja (Spriggan Artificer)         Turns: 1210, Time: 00:18:57

Health: -10/60     AC:  4    Str:  8    XL:     11   Next: 20%
Magic:  12/12      EV: 27    Int: 13    God:    Gozag
Gold:   432        SH:  0    Dex: 20    Spells: 10/10 levels left

rFire   . . .        m - +2 dagger (vamp)
rCold   + . .        (no shield)
rNeg    . . .        c - +2 robe {rC+}
rPois   .            (helmet restricted)
rElec   .            (no cloak)
rCorr   .            (gloves unavailable)
SInv    +            (boots unavailable)
Will    +....        (no amulet)
Stlth   ++++++++++   (no ring)
HPRegen 0.30/turn    (no ring)
MPRegen 0.13/turn

%: no teleportation
@: very quick
A: very small, no large weapons, unfitting armour, see invisible, speed 3
a: Renounce Religion, Potion Petition, Call Merchant, Bribe Branch


You were in the Dungeon.
You worshipped Gozag.
Gozag was aware of your devotion.
You visited 1 branch You collected 3166 gold pieces.
You spent 1568 gold pieces at shops.
You donated 32 gold pieces to Zin.
You paid 1134 gold pieces to Gozag.

Inventory:

Hand Weapons
 a - a +0 dagger of venom
 m - a +2 vampiric dagger (weapon)
 p - the +7 dagger of Recklessness {freeze, rElec}
   (You bought it in a shop in the Dungeon)

   rElec:     It insulates you from electricity.
Armour
 c - a +2 robe of cold resistance (worn)
Jewellery
 t - the ring of Divine Compulsion {Drain +Blink rF+++ Dex+6}
   (You bought it in a shop in the Dungeon)

   [ring of dexterity]

   Dex:       It affects your dexterity (+6).
   rF:        It renders you almost immune to fire.
   +Blink:    It lets you blink.
   Drain:     It drains your maximum health when unequipped.
Wands
 b - a wand of flame (5) (quivered)
 d - a wand of charming (15)
 e - a wand of iceblast (1)
 l - a wand of quicksilver (8)
 o - a wand of paralysis (8)
 q - a wand of polymorph (8)
Scrolls
 k - 4 scrolls of identify
 n - a scroll of blinking
 s - a scroll of enchant armour
Potions
 f - 4 potions of curing
 g - 2 potions of heal wounds
 h - a potion of haste
 i - 2 potions of might
 j - a potion of mutation


   Skills:
 + Level 7.9 Fighting
 + Level 10.3 Short Blades
 + Level 12.5 Dodging
 O Level 27 Stealth
 * Level 17.2 Evocations


You had 10 spell levels left.
You didn't know any spells.
Your spell library contained the following spells:

 Spells                   Type           Power      Damage    Failure   Level
 Foxfire                  Conj/Fire      0%         2x1d4     30%         1
 Fireball                 Conj/Fire      0%         3d3       100%        5
 Plasma Beam              Fire/Air       0%         2x1d11    100%        6
 Starburst                Conj/Fire      0%         6d3       100%        6


Dungeon Overview and Level Annotations

Branches:
Dungeon (1/1)

Altars:
Cheibriados
Dithmenos
Elyvilon
Fedhas
Gozag
Hepliaklqana
Kikubaaqudgha
Makhleb
Nemelex Xobeh
Okawaru
Qazlal
Ru
Sif Muna
Trog
Uskayaw
Vehumet
Wu Jian
Xom
Yredelemnul
Zin
The Shining One
Jiyva
Lugonu

Shops:
D [[:(?(**!:[:?=[([*[!=[[


Innate Abilities, Weirdness & Mutations

You are very small and have problems with some larger weapons.
You are too small for most types of armour.
You have supernaturally acute eyesight. (SInv)
You cover ground extremely quickly. (Speed+++)


Message History

You hit the demonic crawler but do no damage.
The demonic crawler is distracted by your dazzling golden aura.
You catch the helpless demonic crawler completely off-guard!
You spit the demonic crawler like a pig!!!
You kill the demonic crawler!
You hit the demonic crawler but do no damage.
You puncture the demonic crawler!
You punch the demonic crawler, but do no damage.
The demonic crawler is lightly wounded.
You hit the demonic crawler.
The demonic crawler is moderately wounded.
The demonic crawler completely misses you.
The demonic crawler hits you but does no damage.
The demonic crawler hits you! x2
The demonic crawler completely misses you.
The demonic crawler barely misses you.
You hit the demonic crawler but do no damage.
The demonic crawler is lightly wounded.
The demonic crawler hits you!
* * * LOW HITPOINT WARNING * * *
The demonic crawler completely misses you.
The demonic crawler barely misses you.
The demonic crawler completely misses you. x2
The demonic crawler hits you.
* * * LOW HITPOINT WARNING * * *
You hit the demonic crawler but do no damage.
The demonic crawler is lightly wounded.
You hit the demonic crawler but do no damage.
The demonic crawler is lightly wounded.
The demonic crawler completely misses you. x3
The demonic crawler barely misses you. x2
The demonic crawler completely misses you.
Unknown command.
You barely miss the demonic crawler. The demonic crawler closely misses you.
The demonic crawler misses you. The demonic crawler hits you!
* * * LOW HITPOINT WARNING * * *
You barely miss the demonic crawler. The demonic crawler closely misses you.
The demonic crawler misses you. The demonic crawler hits you!
You die...
Your body crumbles into a pile of gold.

##################
.#.)'..#__#..'..)# $$
)'..#..'..'..#..s##+#$
'#####'#__####).@ss.#$
.#?..#.####).#####..+$
$ ##?.##.#~~~§.#..# ##
$ $ _##'#_.§§~§§§§..#
$ ..'..._#~~)§.#§.#
$$$
_##_.#'##+#####'###
_###'#.#)...###.'.#
####.####'###.###§#
..'...'.....'.∩##§# $$


You could see 3 demonic crawlers.

Vanquished Creatures
  2 centaur warriors (D)
  Sonja (D)
  A deep troll (D)
  An oklob plant (D)
  8 shining eyes (D)
  A demonic crawler (D)
  2 unseen horrors (D)
  2 kobold demonologists (D)
  A hornet (D)
  A slime creature (D)
  Sigmund (D)
  A yak (D)
  2 redbacks (D)
  6 floating eyes (D)
  An ogre (D)
  7 necrophages (D)
  8 jellies (D)
  Ijyb (D)
  A ballistomycete spore (D)
48 creatures vanquished.

Vanquished Creatures (others)
  A ballistomycete spore (D)
1 creature vanquished.

Grand Total: 49 creatures vanquished

Notes
Turn   | Place    | Note
-------+----------+-------------------------------------------
     0 | D        | Heoruswealwe the Spriggan Artificer began the quest for the
                  | Orb.
     0 | D        | Reached XP level 1. HP: 9/9 MP: 2/2
     1 | D        | Noticed Ijyb
     5 | D        | Killed Ijyb
     6 | D        | Reached skill level 9 in Stealth
     6 | D        | Reached XP level 2. HP: 14/14 MP: 3/3
    16 | D        | Noticed an ogre
    19 | D        | Killed an ogre
    20 | D        | Reached skill level 14 in Stealth
    20 | D        | Reached XP level 3. HP: 17/17 MP: 4/4
    20 | D        | Reached XP level 4. HP: 21/21 MP: 5/5
    28 | D        | Noticed Sigmund
    31 | D        | Killed Sigmund
    32 | D        | Reached skill level 18 in Stealth
    32 | D        | Reached XP level 5. HP: 25/25 MP: 6/6
    55 | D        | Found an ornate altar of the Wu Jian Council.
    55 | D        | Found a shimmering blue altar of Sif Muna.
    57 | D        | Found a radiant altar of Vehumet.
    62 | D        | Reached skill level 19 in Stealth
    62 | D        | Reached XP level 6. HP: 29/29 MP: 7/7
    91 | D        | Found Bazuw's Magic Scroll Emporium.
    91 | D        | Found an ancient bone altar of Kikubaaqudgha.
    91 | D        | Found a hazy altar of Hepliaklqana.
    91 | D        | Found a stormy altar of Qazlal.
    91 | D        | Found a hide-covered altar of Uskayaw.
    91 | D        | Found a blossoming altar of Fedhas.
    91 | D        | Found a bloodstained altar of Trog.
    91 | D        | Found an iron altar of Okawaru.
    91 | D        | Found a basalt altar of Yredelemnul.
    91 | D        | Found a glowing golden altar of the Shining One.
    91 | D        | Found a snail-covered altar of Cheibriados.
    91 | D        | Found a sacrificial altar of Ru.
    91 | D        | Found a glowing silver altar of Zin.
    91 | D        | Found a shadowy altar of Dithmenos.
    91 | D        | Found a white marble altar of Elyvilon.
    91 | D        | Noticed a yak
   109 | D        | Killed a yak
   110 | D        | Reached skill level 21 in Stealth
   123 | D        | Found an opulent altar of Gozag.
   124 | D        | Found a sparkling altar of Nemelex Xobeh.
   129 | D        | Became a worshipper of Zin the Law-Giver
   129 | D        | Reached * piety under Zin
   129 | D        | Reached ** piety under Zin
   129 | D        | Reached *** piety under Zin
   129 | D        | Reached **** piety under Zin
   129 | D        | Reached ***** piety under Zin
   129 | D        | Reached ****** piety under Zin
   138 | D        | Noticed Sonja
   142 | D        | Was placed under penance by Zin
   142 | D        | Killed Sonja
   143 | D        | Reached skill level 25 in Stealth
   143 | D        | Reached XP level 7. HP: 32/32 MP: 8/8
   147 | D        | Was forgiven by Zin
   160 | D        | Found Haicupn's Armour Boutique.
   170 | D        | Noticed a shining eye
   170 | D        | Noticed a shining eye
   170 | D        | Noticed a shining eye
   170 | D        | Noticed a shining eye
   170 | D        | Noticed a shining eye
   170 | D        | Noticed a shining eye
   173 | D        | Reached XP level 8. HP: 37/37 MP: 9/9
   173 | D        | Noticed a shining eye
   173 | D        | Noticed a shining eye
   174 | D        | Paralysed by a floating eye for 3 turns
   182 | D        | Killed a shining eye
   183 | D        | Reached skill level 27 in Stealth
   183 | D        | Reached skill level 1 in Fighting
   183 | D        | Reached skill level 1 in Short Blades
   183 | D        | Reached skill level 5 in Evocations
   183 | D        | Killed a shining eye
   183 | D        | Paralysed by a floating eye for 3 turns
   184 | D        | Reached skill level 5 in Dodging
   193 | D        | Killed a shining eye
   194 | D        | Reached XP level 9. HP: 44/44 MP: 10/10
   197 | D        | Killed a shining eye
   198 | D        | Reached skill level 5 in Short Blades
   198 | D        | Reached skill level 10 in Evocations
   199 | D        | Paralysed by a floating eye for 3 turns
   208 | D        | Paralysed by a floating eye for 4 turns
   236 | D        | Killed a shining eye
   246 | D        | Killed a shining eye
   255 | D        | Killed a shining eye
   256 | D        | Reached skill level 5 in Fighting
   256 | D        | Reached XP level 10. HP: 51/51 MP: 11/11
   260 | D        | Killed a shining eye
   263 | D        | Found Vuot Bur's General Store.
   263 | D        | Found Uppes's Armour Shoppe.
   263 | D        | Found Apoottiffu's General Store.
   263 | D        | Found Didghy's Book Emporium.
   302 | D        | Fell from the grace of Zin
   302 | D        | Became a worshipper of Gozag Ym Sagoz the Greedy
   393 | D        | Noticed a deep troll
   397 | D        | Killed a deep troll
   408 | D        | Found Wibipp Ruaps's Armour Emporium.
   432 | D        | Noticed a centaur warrior
   433 | D        | Noticed a centaur warrior
   437 | D        | Killed a centaur warrior
   438 | D        | Reached skill level 10 in Dodging
   439 | D        | Killed a centaur warrior
   553 | D        | Reached skill level 15 in Evocations
   565 | D        | Noticed an oklob plant
   577 | D        | Killed an oklob plant
   770 | D        | Reached XP level 11. HP: 58/58 MP: 12/12
   930 | D        | Identified the +6 battleaxe of the Candle {heavy, Int+3}
   936 | D        | Found Loixor's Book Shoppe.
   936 | D        | Found Qiusum's Distillery.
   936 | D        | Found Vailam's Armour Boutique.
   942 | D        | Found Polaigy's Distillery.
   942 | D        | Found Xiojen's Armour Emporium.
   942 | D        | Found Saceuc's Jewellery Emporium.
   944 | D        | Found Kexzodom's Antique Armour Boutique.
   944 | D        | Found Paifrej's Assorted Antiques.
   944 | D        | Found Yskiov's Armour Shop.
   944 | D        | Found Qapu Agi's Weapon Emporium.
   944 | D        | Found Pumpegog's Armour Boutique.
   944 | D        | Found Biynnari's Jewellery Shoppe.
   944 | D        | Found Lesiebetz's Magic Scroll Shop.
   948 | D        | Found Zefec's Book Emporium.
   950 | D        | Bought a scroll labelled AZOGYS TEUREIF for 28 gold pieces
   950 | D        | Bought a bronze wand for 112 gold pieces
   950 | D        | Bought a scroll labelled MUDGHY DEDEMUA for 28 gold pieces
   950 | D        | Bought a scroll labelled XIETAL EFOINES for 28 gold pieces
   954 | D        | Bought the ring of Divine Compulsion {Drain +Blink rF+++
                  | Dex+6} for 1032 gold pieces
  1001 | D        | Bought a scroll of identify for 24 gold pieces
  1001 | D        | Bought 3 scrolls of identify for 72 gold pieces
  1001 | D        | Bought a scroll of identify for 24 gold pieces
  1001 | D        | Bought a scroll of identify for 24 gold pieces
  1141 | D        | Bought a slimy dagger for 196 gold pieces
  1141 | D        | Identified the +7 dagger of Recklessness {freeze, rElec}
                  | (You bought it in a shop in the Dungeon)
  1168 | D        | Found a burning altar of Makhleb.
  1168 | D        | Found a shimmering altar of Xom.
  1169 | D        | Found a viscous altar of Jiyva.
  1169 | D        | Found a corrupted altar of Lugonu.
  1189 | D        | Reached skill level 10 in Short Blades
  1209 | D        | HP: 1/60 [demonic crawler (7)]
  1210 | D        | Mangled by a demonic crawler

Illustrated notes

Levels and vault maps discovered:
D:        dungeon_sprint_1 [red_sonja_temple_1, red_sonja_temple_small_1]

Skill      XL: |  1  2  3  4  5  6  7  8  9 10 11 |
---------------+----------------------------------+-----
Stealth        | 9 14 18 19 25 27 | 27.0
Fighting       | 3 5 7 |  7.9
Short Blades   | 4 6 9 10 | 10.3
Evocations     | 8 12 16 17 | 17.2
Dodging        | 6 8 11 12 | 12.5

Action                     |  1- 3 |  4- 6 |  7- 9 | 10-12 || total
---------------------------+-------+-------+-------+-------++-------
  Melee: Dagger            |     1 |     3 |    56 |    67 ||   127
         Punch             |       |       |       |     1 ||     1
 Invoke: Call Merchant     |       |       |       |     2 ||     2
  Evoke: Wand              |     3 |     5 |       |    13 ||    21
    Use: Scroll            |       |       |       |     5 ||     5
   Stab: Sleeping          |     1 |     3 |     6 |    22 ||    32
         Distracted        |       |       |       |     2 ||     2
 Armour: Robe              |       |       |       |     2 ||     2
  Dodge: Dodged            |       |       |       |    42 ||    42
